 Dungeon Crawl Stone Soup version 0.29.1-1-gd02db6906a (webtiles) character file.

Game seed: 5507327727501766054

87 Kahsius the Ruffian (level 4, -7/37 HPs)
             Began as a Draconian Transmuter on Sept 21, 2022.
             Mangled by an ogre
             ... wielding a +0 giant club
              (22 damage)
             ... on level 3 of the Dungeon.
             The game lasted 00:03:42 (2474 turns).

Kahsius the Ruffian (Draconian Transmuter)          Turns: 2474, Time: 00:03:42

Health: -7/37      AC:  5    Str: 14    XL:     4   Next: 28%
Magic:  4/7        EV: 12    Int: 14    God:
Gold:   192        SH:  0    Dex: 11    Spells: 4/7 levels left

rFire   . . .      SeeInvis .     - Unarmed
rCold   . . .      Faith    .   (no shield)
rNeg    . . .      Spirit   .   (body armour unavailable)
rPois   .          Reflect  .   (helmet currently unavailable)
rElec   .          Harm     .   (no cloak)
rCorr   .          Rampage  .   (no gloves)
Will    .....                   (boots currently unavailable)
Stlth   +.........              (no amulet)
HPRegen 0.12/turn               (no ring)
MPRegen 0.10/turn               (no ring)

@: appendages, wereblooded
A: horns 2, talons 2, AC +5, unfitting armour, cold-blooded
a: End Transformation


You were on level 3 of the Dungeon.
You had temporarily grown beastly horns and talons.
You visited 1 branch of the dungeon, and saw 3 of its levels.

You collected 192 gold pieces.

Inventory:

Jewellery
 e - a ring of resist corrosion
Scrolls
 d - a scroll of identify {unknown}
 f - a scroll of butterflies {unknown}
 j - a scroll of enchant armour {unknown}
 l - a scroll of summoning {unknown}
Potions
 a - a potion of lignification
 b - 2 potions of haste {unknown}
 c - 3 potions of curing {unknown}
 g - 2 potions of might {unknown}
 h - a potion of invisibility {unknown}
 i - a potion of heal wounds {unknown}
 k - a potion of attraction {unknown}


   Skills:
 + Level 2.7 Fighting
 - Level 1.7 Dodging
 + Level 3.8 Unarmed Combat
 - Level 2.0 Spellcasting
 + Level 3.0 Transmutations


You had 4 spell levels left.
You knew the following spells:

 Your Spells              Type           Power      Damage    Failure   Level
a - Beastly Appendage     Tmut           20%        N/A       7%          1
b - Wereblood             Tmut           10%        N/A       10%         2

Your spell library contained the following spells:

 Spells                   Type           Power      Damage    Failure   Level
 Spider Form              Tmut/Pois      5%         N/A       36%         3
 Ice Form                 Ice/Tmut       5%         N/A       77%         4


Dungeon Overview and Level Annotations

Branches:
Dungeon (3/15)

Altars:


Innate Abilities, Weirdness & Mutations

You have temporarily grown beastly horns and talons.
Your plain brown scales are hard. (AC +5)
You cannot fit into any form of body armour.
You are cold-blooded and may be slowed by cold attacks.


Message History

The endoplasm quivers.
You grow a pair of large bovine horns.
Your feet morph into talons.
The endoplasm hits you but does no damage.
You barely miss the endoplasm. You tail-slap the endoplasm.
The endoplasm is heavily wounded.
The endoplasm barely misses you.
You hit the endoplasm.
You kill the endoplasm!
No target in view!
Your magical contamination has completely faded away.
Your transformation is almost over.
Done exploring.
Done exploring.
Done exploring.
Your horns disappear.
Your talons disappear.
There is a stone staircase leading down here.
You climb downwards.
Found a stone staircase leading down.
There is a stone staircase leading up here.
An ogre comes into view. It is wielding a +0 giant club.
The ogre shouts!
You grow a pair of large bovine horns.
Your feet morph into talons.
Casting: Beastly Appendage (safe; 7% risk of failure)
Confirm with . or Enter, or press ? or * to list all spells.
Your blood is infused with primal strength.
The ogre hits you with a +0 giant club!!
Ouch! That really hurt!
You punch the ogre! Your headbutt misses the ogre. You tail-slap the ogre.
The ogre is moderately wounded.
You hit the ogre. You claw the ogre. You headbutt the ogre.
The ogre is severely wounded.
The ogre barely misses you.
You hit the ogre but do no damage.
The ogre is severely wounded.
You completely miss the ogre. Your kick misses the ogre.
You tail-slap the ogre.
The ogre is severely wounded.
The ogre hits you with a +0 giant club!!
Ouch! That really hurt!
You die...

#...# #...# #...#
##. #...### #...
#..... .....
########...###...#.
#..................
.........@O>.......
..................#
.##.####...###.....
#...........
#..<#####... #...#
#...... #.#...#.
#.#...#.#


You could see an ogre.

Vanquished Creatures
  Terence (D:2)
  An adder (D:2)
  3 dart slugs (D:1)
  4 endoplasms
  2 giant cockroaches
  A goblin (D:1)
  5 hobgoblins
  2 jackals (D:2)
  6 kobolds
  4 quokkas
  5 ball pythons
  6 bats (D:1)
  3 frilled lizards (D:1)
  5 rats
48 creatures vanquished.

Vanquished Creatures (others)
  2 plants (D:2)
2 creatures vanquished.

Grand Total: 50 creatures vanquished

Notes
Turn   | Place    | Note
-------+----------+-------------------------------------------
     0 | D:1      | Kahsius the Draconian Transmuter began the quest for the
                  | Orb.
     0 | D:1      | Reached XP level 1. HP: 16/16 MP: 3/3
   378 | D:1      | Reached XP level 2. HP: 19/23 MP: 3/5
  1222 | D:1      | Reached XP level 3. HP: 23/29 MP: 4/6
  1375 | D:1      | Found a faded altar of an unknown god.
  1696 | D:2      | Noticed Terence
  1877 | D:2      | Learned a level 2 spell: Wereblood
  1917 | D:2      | Killed Terence
  1918 | D:2      | Reached XP level 4. HP: 19/37 MP: 4/7
  2462 | D:3      | Noticed an ogre
  2474 | D:3      | Mangled by an ogre

Illustrated notes

Levels and vault maps discovered:
D:1:      pf_arrival_petrified_forest, layout_loops_corners,
          dreamdust_ecumenical_altar_hidden_monk_grotto, kennysheep_another_room
D:2:      layout_basic, serial_bayou_crossing, uniq_terence
D:3:      layout_loops_cross, mainiacjoe_overflow_catwalk

Skill      XL: |  1  2  3 |
---------------+----------+-----
Fighting       | 2 |  2.7
Transmutations | 3 |  3.0
Dodging        | |  1.7
Unarmed Combat | |  3.8
Spellcasting   | |  2.0

Action                   |  1- 3 |  4- 6 || total
-------------------------+-------+-------++-------
Melee: Unarmed           |    92 |    26 ||   118
       Kick              |    27 |     5 ||    32
       Headbutt          |     7 |     5 ||    12
       Tailslap          |     6 |     4 ||    10
       Punch             |     2 |       ||     2
 Cast: Beastly Appendage |    26 |     8 ||    34
       Wereblood         |     1 |     1 ||     2
 Stab: Sleeping          |     2 |       ||     2
Armor: Skin              |    34 |     8 ||    42
Dodge: Dodged            |    57 |     9 ||    66
